[Event "XIX Najdorf Memorial 2019"]
[Site "Warsaw"]
[Date "2019.07.08"]
[Round "3.11"]
[White "Sliwicki, Damian"]
[Black "Roseneck, Jonas"]
[Result "0-1"]
[ECO "B53"]
[WhiteElo "2232"]
[BlackElo "2398"]
[Annotator "NA"]
[PlyCount "84"]
[EventDate "2019.07.06"]
[EventType "swiss"]
[EventCountry "POL"]
[SourceTitle "playchess.com"]
[Source "ChessBase"]
[SourceQuality "1"]
[TimeControl "40/5400+30:1800+30"]

1. e4 c5 2. Nf3 d6 3. d4 cxd4 4. Qxd4 Nc6 5. Bb5 Bd7 6. Bxc6 Bxc6 7. Nc3 Nf6 8. Bg5 e6 9. O-O-O Be7 10. Qd3 Qa5 11. h4 h6 12. Bd2 Qa6 13. Qxa6 bxa6 14. Rhe1 Ng4 15. Re2 O-O 16. Nd4 Bd7 17. f3 Ne5 18. Be1 Rfc8 19. Nb3 Rab8 20. Bf2 Nc4 21. e5 d5 22. Rh1 a5 23. Nd1 f6 24. Bxa7 Rb7 25. Bd4 fxe5 26. Bxe5 Nxe5 27. Rxe5 a4 28. Nd2 Bf6 29. f4 Bxe5 30. fxe5 Be8 31. Rh3 Bg6 32. c3 d4 33. c4 Rc5 34. Ra3 Rb4 35. Nf2 Rxe5 36. Nd3 Re3 37. Nf2 Re1+ 38. Nd1 e5 39. Rg3 Bh5 40. Nf3 Rxc4+ 41. Kd2 Rxd1+ 42. Kxd1 e4 0-1

[Event "XIX Najdorf Memorial 2019"]
[Site "Warsaw"]
[Date "2019.07.08"]
[Round "3.12"]
[White "Bernadskiy, Vitaliy"]
[Black "Baum, Jonasz"]
[Result "1/2-1/2"]
[ECO "B38"]
[WhiteElo "2594"]
[BlackElo "2308"]
[Annotator "RC"]
[PlyCount "126"]
[EventDate "2019.07.06"]
[EventType "swiss"]
[EventCountry "POL"]
[SourceTitle "playchess.com"]
[Source "ChessBase"]
[SourceQuality "1"]
[TimeControl "40/5400+30:1800+30"]

1. c4 c5 2. Nf3 g6 3. d4 cxd4 4. Nxd4 Bg7 5. e4 Nc6 6. Be3 Nf6 7. Nc3 O-O 8. Be2 d6 9. O-O Nxd4 10. Bxd4 Bd7 11. Qd3 a5 12. c5 dxc5 13. Bxc5 Bc6 14. Qe3 Qc7 15. Rac1 Rfe8 16. Rfd1 Nd7 17. Nb5 Qb8 18. Ba7 Qe5 19. Bd4 Qb8 20. Bxg7 Kxg7 21. Nd4 Rd8 22. Qg5 Qe5 23. Qxe5+ Nxe5 24. f4 Nd7 25. Nxc6 bxc6 26. Rxc6 Nf6 27. Rxd8 Rxd8 28. Bf3 Rd4 29. Rc5 a4 30. e5 Ne4 31. Rc2 e6 32. g3 g5 33. fxg5 Kg6 34. Bxe4+ Rxe4 35. h4 Rxe5 36. Kf2 Rb5 37. Kf3 h6 38. gxh6 Kxh6 39. g4 Kg7 40. a3 Kg6 41. Kf4 Kh6 42. Ke4 Kg6 43. Rf2 Rb3 44. Ke5 Rb5+ 45. Kd6 Rb6+ 46. Ke5 Rb5+ 47. Kd4 Rb3 48. h5+ Kg5 49. Rxf7 Kxg4 50. h6 Rxb2 51. h7 Rh2 52. Ke5 Rh6 53. Rf4+ Kg3 54. Rxa4 Rxh7 55. Ra8 Rh1 56. Kxe6 Kf4 57. a4 Ke4 58. Rd8 Rh6+ 59. Kd7 Ra6 60. Rh8 Kd5 61. Rh4 Kc5 62. Kc7 Ra7+ 63. Kb8 Rg7 1/2-1/2

[Event "XIX Najdorf Memorial 2019"]
[Site "Warsaw"]
[Date "2019.07.08"]
[Round "3.12"]
[White "Kopylov, Daniel"]
[Black "Krysztofiak, Marcin"]
[Result "0-1"]
[ECO "B13"]
[WhiteElo "2209"]
[BlackElo "2382"]
[Annotator "NA"]
[PlyCount "52"]
[EventDate "2019.07.06"]
[EventType "swiss"]
[EventCountry "POL"]
[SourceTitle "playchess.com"]
[Source "ChessBase"]
[SourceQuality "1"]
[TimeControl "40/5400+30:1800+30"]

1. e4 c6 2. d4 d5 3. exd5 cxd5 4. c4 Nf6 5. Nc3 Nc6 6. Bg5 e6 7. Nf3 Be7 8. c5 O-O 9. Rc1 h6 10. Bh4 Ne4 11. Bxe7 Qxe7 12. Bd3 Ng5 13. Bb1 Nxf3+ 14. Qxf3 Nxd4 15. Qd3 Nf5 16. g4 Qg5 17. gxf5 Qxc1+ 18. Ke2 Qxh1 19. f6 g6 20. Qg3 Qc1 21. h4 Kh8 22. f4 e5 23. fxe5 d4 24. Bxg6 Qxb2+ 25. Kd1 Qxc3 26. Bd3 Bg4+ 0-1

[Event "XIX Najdorf Memorial 2019"]
[Site "Warsaw"]
[Date "2019.07.08"]
[Round "3.13"]
[White "Noe, Christopher"]
[Black "Czerw, Dawid"]
[Result "1-0"]
[ECO "D45"]
[WhiteElo "2534"]
[BlackElo "2326"]
[Annotator "ChessBase"]
[PlyCount "55"]
[EventDate "2019.07.06"]
[EventType "swiss"]
[EventCountry "POL"]
[SourceTitle "playchess.com"]
[Source "ChessBase"]
[SourceQuality "1"]
[TimeControl "40/5400+30:1800+30"]

1. d4 Nf6 2. c4 e6 3. Nf3 d5 4. Nc3 c6 5. e3 a6 6. Qc2 c5 7. cxd5 exd5 8. dxc5 Bxc5 9. Be2 O-O 10. O-O Nc6 11. Rd1 Bd6 12. b3 Qe7 13. Bb2 Bg4 14. Nxd5 Nxd5 15. Rxd5 Nb4 16. Qc3 f6 17. Rd4 Bf5 18. Bc4+ Kh8 19. Nh4 Be4 20. f3 Bc2 21. a3 Be5 22. axb4 Bxd4 23. exd4 b5 24. Re1 Qd6 25. Be6 Bg6 26. Nxg6+ hxg6 27. f4 Qxf4 28. Re3 1-0

[Event "XIX Najdorf Memorial 2019"]
[Site "Warsaw"]
[Date "2019.07.08"]
[Round "3.13"]
[White "Krishna Teja, N."]
[Black "Sowul, Bartosz"]
[Result "0-1"]
[ECO "A56"]
[WhiteElo "2368"]
[BlackElo "2210"]
[Annotator "NA"]
[PlyCount "90"]
[EventDate "2019.07.06"]
[EventType "swiss"]
[EventCountry "POL"]
[SourceTitle "playchess.com"]
[Source "ChessBase"]
[SourceQuality "1"]
[TimeControl "40/5400+30:1800+30"]

1. d4 Nf6 2. c4 c5 3. Nf3 g6 4. d5 b5 5. cxb5 a6 6. b6 Bg7 7. Nc3 O-O 8. e4 d6 9. a4 a5 10. Bb5 Nbd7 11. O-O Nxb6 12. e5 Ng4 13. exd6 exd6 14. Bc6 Ra7 15. Nb5 Re7 16. h3 Nf6 17. Bf4 Ne4 18. Qc2 Bf5 19. Nh4 Bd7 20. f3 Nf6 21. Rfd1 Rfe8 22. Nxd6 Re2 23. Rd2 Re1+ 24. Rxe1 Rxe1+ 25. Kf2 Rh1 26. Nb7 Qe7 27. Re2 Ne4+ 28. Qxe4 Qxh4+ 29. Bg3 Bd4+ 30. Re3 Qg5 31. f4 Qh5 32. Bxd7 Qd1 33. Bb5 c4 34. Bh4 Qe1+ 35. Kf3 Rf1+ 36. Kg4 f5+ 37. Kg5 Bf6+ 38. Kxf6 Qxh4+ 39. Ke6 fxe4 40. g3 Qh5 41. Bc6 Rd1 42. g4 Qh6 43. Rxe4 g5+ 44. Ke5 Qg7+ 45. Kf5 Qf7+ 0-1

[Event "XIX Najdorf Memorial 2019"]
[Site "Warsaw"]
[Date "2019.07.08"]
[Round "3.14"]
[White "Ali Marandi, Cemil Can"]
[Black "Deszczynski, Adam"]
[Result "1/2-1/2"]
[ECO "D00"]
[WhiteElo "2527"]
[BlackElo "2304"]
[Annotator "ChessBase"]
[PlyCount "54"]
[EventDate "2019.07.06"]
[EventType "swiss"]
[EventCountry "POL"]
[SourceTitle "playchess.com"]
[Source "ChessBase"]
[SourceQuality "1"]
[TimeControl "40/5400+30:1800+30"]

1. d4 d5 2. Bf4 Nf6 3. e3 c5 4. c3 Nc6 5. Nd2 Bf5 6. Qb3 Qd7 7. Ngf3 c4 8. Qd1 h6 9. b3 cxb3 10. axb3 e6 11. Bb5 Bd6 12. Ne5 Qc7 13. g4 Bh7 14. h4 Nd7 15. Nxd7 Bxf4 16. exf4 Kxd7 17. Qf3 a6 18. Be2 Rac8 19. h5 Qd6 20. Qe3 f6 21. O-O g6 22. b4 gxh5 23. gxh5 Rcg8+ 24. Kh1 Ne7 25. Rg1 Nf5 26. Qf3 Nh4 27. Qe3 Nf5 1/2-1/2

[Event "XIX Najdorf Memorial 2019"]
[Site "Warsaw"]
[Date "2019.07.08"]
[Round "3.14"]
[White "Malek, Daniel"]
[Black "Budrewicz, Krzysztof"]
[Result "0-1"]
[ECO "E73"]
[WhiteElo "2362"]
[BlackElo "2188"]
[Annotator "NA"]
[PlyCount "102"]
[EventDate "2019.07.06"]
[EventType "swiss"]
[EventCountry "POL"]
[SourceTitle "playchess.com"]
[Source "ChessBase"]
[SourceQuality "1"]
[TimeControl "40/5400+30:1800+30"]

1. d4 g6 2. c4 Bg7 3. e4 d6 4. Nc3 Nf6 5. Be2 O-O 6. Be3 Na6 7. Nf3 e5 8. O-O Ng4 9. Bg5 Qe8 10. dxe5 dxe5 11. Qc1 c6 12. h3 Nf6 13. Rd1 Nc5 14. Qc2 Ne6 15. Be3 Nh5 16. Rab1 Qe7 17. b4 Nhf4 18. Bf1 Qf6 19. Ne1 Nd4 20. Bxd4 exd4 21. Ne2 Nxe2+ 22. Bxe2 a5 23. a3 axb4 24. axb4 Re8 25. Bd3 Be6 26. Ra1 Qf4 27. g3 Qd6 28. c5 Qc7 29. Kg2 Qd7 30. h4 Bh3+ 31. Kh2 Bg4 32. f3 Be6 33. f4 Bg4 34. Rdb1 Qc7 35. Kg2 Rad8 36. Nf3 Bc8 37. Nd2 b5 38. cxb6 Qxb6 39. Nc4 Qc7 40. Na5 Qd7 41. Kf2 Ba6 42. Bxa6 d3 43. Qxc6 Qa7+ 44. Kf3 Bxa1 45. Rxa1 Re6 46. Qc4 Rxa6 47. Rd1 d2 48. Ke2 Qd7 49. f5 Rd6 50. b5 Rd4 51. Qc6 Qe7 0-1

[Event "XIX Najdorf Memorial 2019"]
[Site "Warsaw"]
[Date "2019.07.08"]
[Round "3.15"]
[White "Mosesov, Danylo"]
[Black "Lisowski, Krzysztof"]
[Result "1-0"]
[ECO "B34"]
[WhiteElo "2353"]
[BlackElo "2187"]
[Annotator "NA"]
[PlyCount "69"]
[EventDate "2019.07.06"]
[EventType "swiss"]
[EventCountry "POL"]
[SourceTitle "playchess.com"]
[Source "ChessBase"]
[SourceQuality "1"]
[TimeControl "40/5400+30:1800+30"]

1. e4 c5 2. Nf3 Nc6 3. d4 cxd4 4. Nxd4 Nf6 5. Nc3 e5 6. Ndb5 d6 7. Nd5 Nxd5 8. exd5 Ne7 9. c4 Ng6 10. Qa4 Bd7 11. Qb4 Qb8 12. h4 h5 13. Be3 a6 14. Nc3 Be7 15. g3 f5 16. Be2 Qc7 17. O-O-O Rc8 18. Bb6 Qb8 19. Kb1 e4 20. Bd4 Kf7 21. f3 exf3 22. Bxf3 Bf6 23. Bxf6 Kxf6 24. Rhf1 Ne5 25. Be2 Kg6 26. Qb6 Rc5 27. Rd4 Rhc8 28. Qb3 Qc7 29. Rc1 Nxc4 30. Bxc4 Rxc4 31. Rxc4 Qxc4 32. Qxb7 Bb5 33. Qe7 Qd3+ 34. Ka1 Qxd5 35. Qg5+ 1-0

[Event "XIX Najdorf Memorial 2019"]
[Site "Warsaw"]
[Date "2019.07.08"]
[Round "3.15"]
[White "Kucza, Karol"]
[Black "Shyam, Sundar M."]
[Result "0-1"]
[ECO "B69"]
[WhiteElo "2315"]
[BlackElo "2520"]
[Annotator "ChessBase"]
[PlyCount "72"]
[EventDate "2019.07.06"]
[EventType "swiss"]
[EventCountry "POL"]
[SourceTitle "playchess.com"]
[Source "ChessBase"]
[SourceQuality "1"]
[TimeControl "40/5400+30:1800+30"]

1. e4 c5 2. Nf3 d6 3. d4 cxd4 4. Nxd4 Nf6 5. Nc3 Nc6 6. Bg5 e6 7. Qd2 Be7 8. O-O-O a6 9. f4 Bd7 10. Nf3 b5 11. Bxf6 gxf6 12. Bd3 b4 13. Ne2 Qb6 14. Kb1 a5 15. f5 Qc5 16. Nf4 a4 17. fxe6 fxe6 18. Qe2 Ne5 19. Nxe5 Qxe5 20. Rhf1 a3 21. Qh5+ Kd8 22. Qxe5 fxe5 23. Nh5 Bg5 24. b3 Ke7 25. Ng3 h5 26. Ne2 Rac8 27. Ba6 Rcg8 28. c3 Bc6 29. Bd3 bxc3 30. Nxc3 Be3 31. g3 h4 32. Rf3 Bd4 33. Ne2 Bc5 34. Rc1 hxg3 35. hxg3 Rh2 36. b4 Ra8 0-1

[Event "XIX Najdorf Memorial 2019"]
[Site "Warsaw"]
[Date "2019.07.08"]
[Round "3.16"]
[White "Oglaza, Oskar"]
[Black "Lukasiewicz, Krzysztof"]
[Result "1-0"]
[ECO "D35"]
[WhiteElo "2345"]
[BlackElo "2172"]
[Annotator "NA"]
[PlyCount "89"]
[EventDate "2019.07.06"]
[EventType "swiss"]
[EventCountry "POL"]
[SourceTitle "playchess.com"]
[Source "ChessBase"]
[SourceQuality "1"]
[TimeControl "40/5400+30:1800+30"]

1. d4 d5 2. c4 e6 3. Nc3 Nf6 4. cxd5 exd5 5. Bg5 c6 6. e3 Be7 7. Bd3 Nbd7 8. Qc2 Nh5 9. Bxe7 Qxe7 10. O-O-O g6 11. h3 Nb6 12. Kb1 Ng7 13. g4 Be6 14. Nf3 O-O-O 15. Na4 Nxa4 16. Qxa4 Kb8 17. Rc1 Ne8 18. Rc3 Nd6 19. Rhc1 Nc4 20. Ne5 Nxe5 21. dxe5 d4 22. Ra3 a6 23. exd4 Qd7 24. Bxa6 bxa6 25. Rxc6 Qxd4 26. Rb3+ Bxb3 27. Qxb3+ Ka8 28. Rxa6+ Qa7 29. Rxa7+ Kxa7 30. Qxf7+ Kb6 31. e6 Rhf8 32. Qe7 Rfe8 33. Qf7 Rf8 34. Qxh7 Rxf2 35. a3 Rdd2 36. Qg7 Kc6 37. h4 Kd6 38. Qd7+ Kc5 39. Qc7+ Kd5 40. e7 Rxb2+ 41. Kc1 Ra2 42. Qd7+ Kc4 43. Qe6+ Kc3 44. Qe3+ Kc4 45. Qxf2 1-0

[Event "XIX Najdorf Memorial 2019"]
[Site "Warsaw"]
[Date "2019.07.08"]
[Round "3.17"]
[White "Kubicka, Anna"]
[Black "Jacobsen, Mikkel Manosri"]
[Result "1-0"]
[ECO "B12"]
[WhiteElo "2202"]
[BlackElo "2343"]
[Annotator "NA"]
[PlyCount "73"]
[EventDate "2019.07.06"]
[EventType "swiss"]
[EventCountry "POL"]
[SourceTitle "playchess.com"]
[Source "ChessBase"]
[SourceQuality "1"]
[TimeControl "40/5400+30:1800+30"]

1. e4 c6 2. d4 d5 3. e5 Bf5 4. Nf3 e6 5. Be2 Ne7 6. O-O Nd7 7. Nbd2 h6 8. c3 g5 9. b4 Qc7 10. Nb3 Bg7 11. Ne1 O-O-O 12. Nd3 f6 13. f4 Rdf8 14. Nbc5 Nxc5 15. Nxc5 b6 16. Na6 Qd7 17. b5 gxf4 18. exf6 Bxf6 19. Bxf4 Bg5 20. bxc6 Nxc6 21. Bg3 Na5 22. Nb8 Qe8 23. Ba6+ Kd8 24. Qe2 Be4 25. Bb5 Qe7 26. Bd7 Qa3 27. Bxe6 Qxc3 28. Qb5 Qxd4+ 29. Bf2 Qg7 30. Rad1 Qc7 31. Rxd5+ Bxd5 32. Qxd5+ Ke7 33. Bg4 Rf4 34. Re1+ Kf6 35. Nd7+ Kg6 36. Qd3+ Kf7 37. Bh5+ 1-0

[Event "XIX Najdorf Memorial 2019"]
[Site "Warsaw"]
[Date "2019.07.08"]
[Round "3.18"]
[White "Fus, Jakub"]
[Black "Rakshitta Ravi"]
[Result "1/2-1/2"]
[ECO "C50"]
[WhiteElo "2341"]
[BlackElo "2112"]
[Annotator "NA"]
[PlyCount "95"]
[EventDate "2019.07.06"]
[EventType "swiss"]
[EventCountry "POL"]
[SourceTitle "playchess.com"]
[Source "ChessBase"]
[SourceQuality "1"]
[TimeControl "40/5400+30:1800+30"]

1. e4 e5 2. Nf3 Nc6 3. Bc4 Bc5 4. O-O d6 5. c3 Nf6 6. d3 h6 7. a4 a6 8. Nbd2 Ba7 9. Re1 Ng4 10. Re2 Ne7 11. Nf1 Ng6 12. h3 Nf6 13. Ng3 O-O 14. Re1 Be6 15. Bxe6 fxe6 16. d4 Qe7 17. dxe5 dxe5 18. Be3 Bxe3 19. Rxe3 Nd7 20. Qb3 b6 21. Qc4 Kh7 22. b4 c5 23. b5 a5 24. Qf1 Rf6 25. Rd1 Nf4 26. Ne2 c4 27. Nxf4 exf4 28. Ree1 Rc8 29. e5 Rf5 30. Rd4 Rc5 31. Rxc4 Nxe5 32. Nxe5 Rcxe5 33. Rxe5 Rxe5 34. Qd3+ Kg8 35. Rxf4 Re1+ 36. Kh2 Qc7 37. Qg3 e5 38. Rf6 Kh8 39. Rc6 Qd8 40. Qg4 Qd3 41. Qe6 Kh7 42. Rc8 Rf1 43. Qg8+ Kg6 44. Rc6+ Kh5 45. Qe8+ Kh4 46. g3+ Kg5 47. Qxe5+ Qf5 48. Qxg7+ 1/2-1/2

[Event "XIX Najdorf Memorial 2019"]
[Site "Warsaw"]
[Date "2019.07.08"]
[Round "3.19"]
[White "Paszewski, Mateusz"]
[Black "Wisniewski, Michal"]
[Result "1/2-1/2"]
[ECO "B91"]
[WhiteElo "2324"]
[BlackElo "2103"]
[Annotator "NA"]
[PlyCount "271"]
[EventDate "2019.07.06"]
[EventType "swiss"]
[EventCountry "POL"]
[SourceTitle "playchess.com"]
[Source "ChessBase"]
[SourceQuality "1"]
[TimeControl "40/5400+30:1800+30"]

1. e4 c5 2. Nf3 d6 3. d4 cxd4 4. Nxd4 Nf6 5. Nc3 a6 6. Be3 Ng4 7. Bc1 Nf6 8. g3 e5 9. Nb3 b5 10. a4 b4 11. Nd5 Nxd5 12. Qxd5 Ra7 13. Be3 Be6 14. Qd2 Rb7 15. Bg2 Be7 16. a5 O-O 17. O-O Qc7 18. f4 Rc8 19. f5 Bc4 20. Rf2 Nd7 21. Qd1 Rb5 22. h4 Nf6 23. Bb6 Qc6 24. Nd2 b3 25. cxb3 Bd3 26. Qf3 Qc2 27. Nf1 Bxe4 28. Rxc2 Rxc2 29. Qxe4 Nxe4 30. Bxe4 Rxb2 31. Bd3 R5xb3 32. Bxa6 d5 33. Bb7 Rxb6 34. axb6 d4 35. Bd5 Rxb6 36. Ra8+ Bf8 37. Ra7 Rf6 38. Be4 g6 39. g4 gxf5 40. gxf5 Rd6 41. Bd3 e4 42. Bxe4 d3 43. Bf3 d2 44. Ra1 Bh6 45. Kf2 Rd4 46. h5 Kg7 47. Ng3 Bf4 48. Ne4 Rc4 49. Rg1+ Kf8 50. Ke2 Rc2 51. Rd1 Ke7 52. Bg4 Ra2 53. Rf1 Bh6 54. Rb1 Ra4 55. Bf3 Rd4 56. Rd1 Rd5 57. Nxd2 Rxf5 58. Nf1 Re5+ 59. Kf2 Bg5 60. Rd4 f5 61. Ra4 h6 62. Kg2 Rc5 63. Ng3 Kf6 64. Ra8 Bf4 65. Rf8+ Kg5 66. Rg8+ Kh4 67. Ne2 Be3 68. Rg6 Ra5 69. Rg8 Ra2 70. Rg7 Ra5 71. Ng3 Bf4 72. Nxf5+ Rxf5 73. Rg4+ Kxh5 74. Rg8+ Kh4 75. Rg4+ Kh5 76. Rxf4+ Kg5 77. Rg4+ Kf6 78. Ra4 Kg5 79. Kg3 h5 80. Ra8 h4+ 81. Kg2 Kf4 82. Ra4+ Ke3 83. Re4+ Kd3 84. Rxh4 Rg5+ 85. Kf2 Re5 86. Rh6 Re7 87. Rd6+ Kc4 88. Bg4 Kc5 89. Rd1 Re8 90. Kf3 Rf8+ 91. Ke4 Re8+ 92. Kf5 Rf8+ 93. Ke5 Kb4 94. Rc1 Rd8 95. Be6 Rd2 96. Bd5 Re2+ 97. Kd6 Rd2 98. Rc4+ Kb5 99. Rc1 Kb4 100. Kc6 Rh2 101. Rb1+ Kc3 102. Kc5 Rh4 103. Rb3+ Kd2 104. Rg3 Ke2 105. Bb7 Kf2 106. Rb3 Ke2 107. Kd5 Kd2 108. Ke5 Kc2 109. Rg3 Rb4 110. Be4+ Kd2 111. Rd3+ Ke2 112. Kf4 Rb8 113. Rc3 Rb2 114. Re3+ Kd2 115. Rd3+ Ke2 116. Rd4 Rb3 117. Rd8 Rb6 118. Bf3+ Ke1 119. Rd1+ Kf2 120. Rd2+ Ke1 121. Re2+ Kf1 122. Ra2 Ke1 123. Bd5 Rb8 124. Ke3 Kd1 125. Be4 Rb3+ 126. Bd3 Kc1 127. Rh2 Rc3 128. Rg2 Rc7 129. Rf2 Rc3 130. Kd4 Ra3 131. Rh2 Kd1 132. Rb2 Kc1 133. Rc2+ Kd1 134. Ke3 Rb3 135. Rh2 Kc1 136. Ra2 1/2-1/2

[Event "XIX Najdorf Memorial 2019"]
[Site "Warsaw"]
[Date "2019.07.08"]
[Round "3.20"]
[White "Popiol, Michal"]
[Black "Kowalski, Igor"]
[Result "0-1"]
[ECO "E98"]
[WhiteElo "2187"]
[BlackElo "2320"]
[Annotator "NA"]
[PlyCount "80"]
[EventDate "2019.07.06"]
[EventType "swiss"]
[EventCountry "POL"]
[SourceTitle "playchess.com"]
[Source "ChessBase"]
[SourceQuality "1"]
[TimeControl "40/5400+30:1800+30"]

1. d4 Nf6 2. c4 g6 3. Nc3 Bg7 4. e4 d6 5. Nf3 O-O 6. Be2 e5 7. O-O Nc6 8. d5 Ne7 9. Ne1 Nd7 10. Be3 f5 11. f3 f4 12. Bf2 g5 13. a4 a5 14. Nd3 b6 15. b4 axb4 16. Nxb4 Nf6 17. a5 bxa5 18. Nd3 h5 19. h3 Rf7 20. c5 Bh6 21. Rb1 g4 22. hxg4 hxg4 23. fxg4 Rg7 24. cxd6 cxd6 25. Bb6 Qe8 26. Nf2 Qg6 27. Nb5 Ne8 28. Ra1 Rh7 29. Rxa5 Rxa5 30. Bxa5 f3 31. Bxf3 Be3 32. Re1 Qh6 33. Kf1 Ng6 34. Qb3 Bxf2 35. Kxf2 Qh4+ 36. Ke3 Nf4 37. Rc1 Nxg2+ 38. Kd2 Qf2+ 39. Be2 Bxg4 40. Nc3 Qe3+ 0-1

[Event "XIX Najdorf Memorial 2019"]
[Site "Warsaw"]
[Date "2019.07.08"]
[Round "3.21"]
[White "Shkliar, Boris"]
[Black "Hassan, Abdullah"]
[Result "0-1"]
[ECO "C10"]
[WhiteElo "2160"]
[BlackElo "2311"]
[Annotator "NA"]
[PlyCount "118"]
[EventDate "2019.07.06"]
[EventType "swiss"]
[EventCountry "POL"]
[SourceTitle "playchess.com"]
[Source "ChessBase"]
[SourceQuality "1"]
[TimeControl "40/5400+30:1800+30"]

1. e4 e6 2. d4 d5 3. Nc3 Nc6 4. Nf3 Nf6 5. e5 Ne4 6. Ne2 f6 7. Ng3 f5 8. Bb5 Be7 9. Ne2 O-O 10. c4 a6 11. Ba4 Bb4+ 12. Kf1 dxc4 13. Bxc6 bxc6 14. Qa4 c5 15. a3 Bd7 16. Qc2 cxd4 17. Nfxd4 Be7 18. Nc3 c5 19. Nde2 Bc6 20. f3 Nxc3 21. Qxc3 Qd1+ 22. Qe1 Qd3 23. h4 Rab8 24. Kf2 Rfd8 25. Bg5 Bxg5 26. hxg5 Rxb2 27. Rd1 Qxd1 28. Qxd1 Rxd1 29. Rxd1 c3 30. Ke3 c2 31. Rc1 Rb3+ 32. Kd2 Rxa3 33. Rxc2 Ra5 34. Nf4 Bd5 35. Nxd5 exd5 36. f4 Kf7 37. Rb2 Rb5 38. Ra2 a5 39. Kc3 Ke6 40. g3 g6 41. Ra1 Rb4 42. Rxa5 d4+ 43. Kc2 Kd5 44. Ra7 Rc4+ 45. Kd2 Rc3 46. Rd7+ Kc4 47. Rxh7 Rxg3 48. e6 Re3 49. e7 Re4 50. Rg7 d3 51. Rxg6 Re2+ 52. Kd1 Rxe7 53. Rc6 Re4 54. Ra6 Kd4 55. Rd6+ Kc3 56. Rd5 c4 57. Rxf5 d2 58. Re5 Rxe5 59. fxe5 Kd3 0-1

[Event "XIX Najdorf Memorial 2019"]
[Site "Warsaw"]
[Date "2019.07.08"]
[Round "3.22"]
[White "Punin, Andrii"]
[Black "Pettersson, Alexander"]
[Result "1-0"]
[ECO "B17"]
[WhiteElo "2305"]
[BlackElo "2083"]
[Annotator "NA"]
[PlyCount "59"]
[EventDate "2019.07.06"]
[EventType "swiss"]
[EventCountry "POL"]
[SourceTitle "playchess.com"]
[Source "ChessBase"]
[SourceQuality "1"]
[TimeControl "40/5400+30:1800+30"]

1. e4 c6 2. d4 d5 3. Nd2 dxe4 4. Nxe4 Nd7 5. Nf3 Ngf6 6. Nxf6+ Nxf6 7. c3 Bg4 8. h3 Bh5 9. g4 Bg6 10. Ne5 Nd7 11. Nxg6 hxg6 12. d5 cxd5 13. Qxd5 Qc7 14. Bg2 Nc5 15. b4 Na4 16. Qb5+ Qd7 17. Qxd7+ Kxd7 18. Bf4 Kc8 19. Kd2 e6 20. Kc2 Be7 21. Kb3 Nb6 22. Rhd1 a5 23. a4 Nd5 24. Bxd5 exd5 25. Rxd5 axb4 26. Re1 Bf6 27. cxb4 Ra6 28. b5 Rxh3+ 29. Bg3 Re6 30. Rc1+ 1-0

[Event "XIX Najdorf Memorial 2019"]
[Site "Warsaw"]
[Date "2019.07.08"]
[Round "3.23"]
[White "Sanz Wawer, Daniel"]
[Black "Szustakowski, Antoni"]
[Result "1/2-1/2"]
[ECO "B51"]
[WhiteElo "2154"]
[BlackElo "2279"]
[Annotator "NA"]
[PlyCount "166"]
[EventDate "2019.07.06"]
[EventType "swiss"]
[EventCountry "POL"]
[SourceTitle "playchess.com"]
[Source "ChessBase"]
[SourceQuality "1"]
[TimeControl "40/5400+30:1800+30"]

1. e4 c5 2. Nf3 d6 3. Bb5+ Nc6 4. O-O Bd7 5. Re1 Nf6 6. c3 a6 7. Ba4 b5 8. Bc2 g6 9. d4 cxd4 10. cxd4 Bg4 11. d5 Ne5 12. Nbd2 Rc8 13. h3 Nxf3+ 14. Nxf3 Bxf3 15. gxf3 Bg7 16. a4 Qd7 17. Kg2 O-O 18. axb5 axb5 19. Bd3 Nh5 20. Be3 Bxb2 21. Rb1 Be5 22. Bxb5 Qd8 23. Ba6 Rc7 24. Rc1 Nf4+ 25. Bxf4 Bxf4 26. Rxc7 Qxc7 27. Bf1 Rc8 28. Qb3 Qa7 29. Rb1 Qd4 30. Kg1 Rc3 31. Qb8+ Kg7 32. Qb6 Qf6 33. Bg2 Be5 34. Rd1 Qf4 35. Kf1 Rxf3 36. Bxf3 Qxf3 37. Qb1 Qxh3+ 38. Ke2 Qg4+ 39. Kf1 h5 40. Qd3 h4 41. f3 Qh3+ 42. Ke2 Qg2+ 43. Ke3 h3 44. Qe2 Qg5+ 45. Kd3 h2 46. Qf1 Qg3 47. Ke2 Bf4 48. Qf2 Qh3 49. Rh1 Bg3 50. Qf1 Qh4 51. Qg2 Bf4 52. Kf1 g5 53. Ke2 Kg6 54. Kf1 Be5 55. Ke2 f5 56. exf5+ Kxf5 57. Rc1 Bf4 58. Rd1 Qg3 59. Qf1 Be5 60. Kd3 Kg6 61. Ke3 Qf4+ 62. Ke2 Qc4+ 63. Kf2 Qxf1+ 64. Rxf1 Kf6 65. Re1 Kf7 66. Kg2 Ke8 67. Re2 Kd7 68. Ra2 Kc7 69. Rc2+ Kd7 70. Ra2 Ke8 71. Re2 Kf8 72. Re4 Kf7 73. Re1 Kf6 74. Kh1 Kf5 75. Kg2 e6 76. dxe6 Kxe6 77. f4 gxf4 78. Kxh2 f3+ 79. Kg1 Kf5 80. Kf2 Kf4 81. Rd1 Ke4 82. Re1+ Kf4 83. Rd1 Ke4 1/2-1/2

[Event "XIX Najdorf Memorial 2019"]
[Site "Warsaw"]
[Date "2019.07.08"]
[Round "3.24"]
[White "Piotrowski, Przemyslaw"]
[Black "Dwilewicz, Katarzyna"]
[Result "1-0"]
[ECO "A46"]
[WhiteElo "2273"]
[BlackElo "2050"]
[Annotator "NA"]
[PlyCount "87"]
[EventDate "2019.07.06"]
[EventType "swiss"]
[EventCountry "POL"]
[SourceTitle "playchess.com"]
[Source "ChessBase"]
[SourceQuality "1"]
[TimeControl "40/5400+30:1800+30"]

1. d4 Nf6 2. Nf3 e6 3. g3 b6 4. Bg2 Bb7 5. c4 d5 6. O-O Be7 7. Nc3 O-O 8. Bf4 a6 9. cxd5 exd5 10. Rc1 Nbd7 11. Nh4 Rc8 12. Nf5 Re8 13. Qb3 Nf8 14. Bg5 Ne6 15. Nxe7+ Qxe7 16. Bxf6 Qxf6 17. e3 Ng5 18. f4 Ne4 19. Nxe4 dxe4 20. Bh3 Rcd8 21. Rxc7 Bd5 22. Qa3 a5 23. Rfc1 h5 24. b3 g5 25. Rf1 g4 26. Bg2 Kg7 27. Rfc1 Rd6 28. Bf1 Rh8 29. Rc8 Rxc8 30. Rxc8 Bc6 31. Bc4 b5 32. Be2 Qe6 33. Qc5 Qxc8 34. Qxd6 Bd7 35. Qe5+ Kg8 36. Qg5+ Kf8 37. Kf2 a4 38. Qxh5 Qc2 39. f5 Ke7 40. Qxg4 a3 41. f6+ Kd6 42. Qh5 Qxa2 43. Qc5+ Ke6 44. Qe5# 1-0

[Event "XIX Najdorf Memorial 2019"]
[Site "Warsaw"]
[Date "2019.07.08"]
[Round "3.25"]
[White "Jarocka, Liwia"]
[Black "Pacan-Milej, Kosma"]
[Result "0-1"]
[ECO "B90"]
[WhiteElo "2102"]
[BlackElo "2272"]
[Annotator "NA"]
[PlyCount "128"]
[EventDate "2019.07.06"]
[EventType "swiss"]
[EventCountry "POL"]
[SourceTitle "playchess.com"]
[Source "ChessBase"]
[SourceQuality "1"]
[TimeControl "40/5400+30:1800+30"]

1. e4 c5 2. Nf3 d6 3. d4 cxd4 4. Nxd4 Nf6 5. Nc3 a6 6. Bc4 e6 7. O-O b5 8. Bb3 Be7 9. Qf3 Qc7 10. Qg3 O-O 11. Bh6 Ne8 12. Rad1 Bd7 13. Nce2 Nc6 14. Bg5 Bxg5 15. Qxg5 Nf6 16. Ng3 Nxd4 17. Rxd4 a5 18. c3 a4 19. Bc2 a3 20. e5 h6 21. exd6 hxg5 22. dxc7 axb2 23. Ne4 Nd5 24. Bb3 Bc6 25. Rd2 Nxc7 26. Nxg5 Nd5 27. Bxd5 Bxd5 28. Rxb2 Bxa2 29. Nf3 Bc4 30. Rfb1 Rfd8 31. Nd4 e5 32. Nc6 Re8 33. h3 Ra6 34. Nb4 Ra3 35. Rc1 Rc8 36. f3 f6 37. Kh2 Bf7 38. Rd1 Rcxc3 39. Nd5 Rcb3 40. Rxb3 Rxb3 41. Ne7+ Kh7 42. Rd7 Be6 43. Rd6 Bc4 44. Rd7 Rb2 45. Kg1 b4 46. Rb7 Ba6 47. Ra7 Bd3 48. Rd7 Bc4 49. Nd5 Kg6 50. Ne3 Be6 51. Re7 Ba2 52. g4 Kg5 53. Ng2 Kh6 54. h4 b3 55. g5+ Kg6 56. f4 Rxg2+ 57. Kxg2 b2 58. h5+ Kxh5 59. gxf6 gxf6 60. fxe5 b1=Q 61. exf6 Qb2+ 62. Kh3 Qc3+ 63. Kh2 Qxf6 64. Rh7+ Kg4 0-1